AoeStats
← MeisolMLG

Black Forest

508714634Analyzed
4v4 RM · 7d ago on Sep 23, 2026· 65m 7s· 8 players
Game mode
Random Map
Map size
Large (8 player)
Population
200
Speed
Normal
Resources
Standard
Victory
Conquest
Starting age
Dark Age
Ending age
Imperial Age
RankedLock teamsTeams togetherTeam positionsShared explorationLock speedFull tech treeHidden civsTurbo modeCheats
Victory
Defeat
🇬🇷 Turks · Greece
801
+16
🇬🇷 Vietnamese · Greece
786
+17
785
+17
🇬🇷 Khmer · Greece
781
+17
🇵🇪 Romans · Peru
824
-18
🇨🇦 Tupi · Canada
822
-17
809
-17
🇨🇴 Bohemians · Colombia
762
-15
andreas7487
1:01 Loom
12:57 Feudal Age
14:54 Horse Collar
15:02 Double-Bit Axe
15:11 Stone Mining
15:15 Gold Mining
18:45 Wheelbarrow
22:32 Castle Age
23:34 Elite Skirmisher
26:08 Bow Saw
26:33 Heavy Plow
34:22 Imperial Age
32:17 Ballistics
35:08 Hand Cart
34:38 Heavy Scorpion
36:42 Chemistry
36:53 Double Crossbow
38:20 Siege Engineers
40:07 Tusk Swords
39:30 Elite Ballista Elephant
40:09 Pikeman
42:34 Forging
42:26 Scale Mail Armor
42:34 Scale Barding Armor
42:21 Fletching
42:31 Padded Archer Armor
65:17 Chain Barding Armor
65:12 Chain Mail Armor
giannispolukandriotis.4
0:47 Loom
14:19 Feudal Age
24:53 Castle Age
24:12 Horse Collar
24:22 Double-Bit Axe
24:30 Gold Mining
24:33 Stone Mining
33:26 Stone Shaft Mining
33:30 Wheelbarrow
33:18 Elite Skirmisher
35:12 Hand Cart
37:40 Imperial Age
35:42 Town Watch
36:00 Heavy Plow
36:25 Bow Saw
36:28 Fortified Wall
36:31 Scale Barding Armor
36:27 Scale Mail Armor
36:37 Forging
36:29 Padded Archer Armor
36:20 Fletching
37:29 Coinage
37:02 Caravan
37:25 Husbandry
38:19 Chatras
38:27 Imperial Skirmisher
40:36 Elite Battle Elephant
44:04 Leather Archer Armor
46:36 Elite Fire Lancer
47:35 Arson
47:52 Squires
54:16 Chain Mail Armor
54:38 Iron Casting
54:36 Ring Archer Armor
54:03 Bodkin Arrow
54:33 Chain Barding Armor
55:19 Chemistry
57:52 Bloodlines
57:05 Light Cavalry
60:20 Siege Engineers
diomidismav
0:27 Loom
12:38 Feudal Age
13:06 Double-Bit Axe
14:00 Wheelbarrow
15:40 Stone Mining
15:44 Gold Mining
16:03 Horse Collar
23:13 Castle Age
25:59 Hand Cart
25:57 Bow Saw
27:02 Heavy Plow
31:28 Imperial Age
31:23 Ballistics
31:15 Padded Archer Armor
31:07 Fletching
32:08 Fortified Wall
33:37 Artillery
36:44 Two-Man Saw
36:32 Guilds
36:53 Coinage
36:23 Caravan
38:02 Elite Janissary
39:51 Banking
40:41 Leather Archer Armor
40:21 Bodkin Arrow
41:55 Ring Archer Armor
45:04 Bracer
makispapadopoulos7
0:27 Loom
12:31 Feudal Age
18:47 Castle Age
16:41 Double-Bit Axe
16:40 Horse Collar
16:58 Gold Mining
17:08 Stone Mining
18:22 Wheelbarrow
17:34 Town Watch
19:41 Arson
20:36 Hand Cart
30:01 Stone Shaft Mining
30:22 Fletching
30:43 Forging
30:33 Scale Mail Armor
31:40 Squires
31:01 Pikeman
34:23 Imperial Age
32:49 Bow Saw
32:43 Heavy Plow
34:14 Chatras
36:11 Chemistry
36:24 Two-Man Saw
35:49 Padded Archer Armor
37:19 Crop Rotation
37:53 Treadmill Crane
38:10 Murder Holes
38:18 Halberdier
44:33 Ballistics
44:24 Masonry
44:50 Paper Money
44:58 Sanctity
45:18 Husbandry
46:17 Caravan
46:48 Coinage
47:43 Bloodlines
46:53 Light Cavalry
47:44 Bodkin Arrow
48:24 Iron Casting
48:05 Chain Mail Armor
48:53 Scale Barding Armor
48:49 Bracer
49:04 Leather Archer Armor
52:33 Banking
52:14 Guilds
52:51 Ring Archer Armor
52:38 Cavalier
53:38 Onager
54:10 Elite Fire Lancer
55:49 Chain Barding Armor
55:59 Plate Mail Armor
56:02 Town Patrol
56:50 Elite Battle Elephant
60:31 Plate Barding Armor
60:49 Hoardings
59:45 Sappers
60:51 Heated Shot
61:06 Siege Engineers
61:12 Fortified Wall
Sir Raze
15:16 Feudal Age
15:57 Double-Bit Axe
20:28 Loom
20:54 Horse Collar
22:37 Fletching
28:00 Castle Age
27:01 Padded Archer Armor
27:33 Stone Mining
27:34 Gold Mining
30:17 Bow Saw
30:07 Heavy Plow
30:25 Elite Skirmisher
33:35 Wheelbarrow
32:52 Town Watch
33:23 Champi Runner
36:31 Gold Shaft Mining
35:49 Champi Warrior
41:25 Imperial Age
39:27 Bodkin Arrow
39:33 Scale Mail Armor
40:00 Caravan
41:35 Hand Cart
41:34 Forging
41:40 Chain Mail Armor
41:41 Leather Archer Armor
41:49 Town Patrol
43:31 Two-Man Saw
43:34 Pikeman
43:35 Elite Champi Warrior
44:52 Halberdier
46:13 Iron Casting
55:11 Elite Blackwood Archer
57:39 Bracer
58:09 Ring Archer Armor
MeisolMLG
0:27 Loom
11:17 Feudal Age
11:59 Double-Bit Axe
11:57 Horse Collar
14:57 Wheelbarrow
21:30 Castle Age
23:33 Bow Saw
23:56 Caravan
29:34 Imperial Age
28:18 Chemistry
28:41 Forging
28:22 Fletching
28:33 Padded Archer Armor
29:45 Town Watch
32:12 Heavy Plow
33:18 Two-Man Saw
32:47 Hand Cart
32:32 Town Patrol
33:24 Pikeman
34:00 Halberdier
36:24 Iron Casting
35:49 Scale Mail Armor
35:45 Bodkin Arrow
36:05 Leather Archer Armor
37:20 Houfnice
39:12 Wagenburg Tactics
38:27 Elite Hussite Wagon
45:09 Blast Furnace
44:26 Chain Mail Armor
48:20 Masonry
47:56 Arrowslits
48:25 Fortified Wall
☯︎ PΔTΔS DΞ STΞΞL ☯
1:11 Loom
16:41 Feudal Age
17:52 Gold Mining
17:57 Double-Bit Axe
17:54 Horse Collar
18:21 Gold Mining
18:53 Stone Mining
22:29 Castle Age
20:28 Arson
24:00 Bow Saw
26:16 Heavy Plow
29:49 Gold Shaft Mining
29:11 Treadmill Crane
29:47 Husbandry
30:06 Bloodlines
29:59 Squires
29:48 Gambesons
31:51 Caravan
34:47 Imperial Age
32:19 Murder Holes
32:36 Masonry
34:38 Wheelbarrow
34:31 Forging
34:50 Thumb Ring
35:38 Hand Cart
38:16 Two-Man Saw
37:48 Crop Rotation
37:04 Capped Ram
38:40 Ballistics
39:05 Conscription
38:07 Elite Hearth Troop
38:24 Shield Wall
39:04 Cranequins
40:43 Forging
40:35 Scale Mail Armor
40:41 Scale Barding Armor
40:27 Fletching
40:38 Padded Archer Armor
41:41 Chemistry
41:03 Siege Engineers
43:04 Iron Casting
42:46 Chain Mail Armor
42:27 Bodkin Arrow
42:48 Leather Archer Armor
43:18 Elite Varangian Guard
43:30 Heavy Mounted Crossbowman
44:19 Siege Ram
55:24 Bracer
55:55 Ring Archer Armor
55:56 Plate Mail Armor
55:47 Chain Barding Armor
GEDIAN
0:28 Loom
14:46 Feudal Age
15:17 Horse Collar
15:34 Man-at-Arms
18:12 Scale Mail Armor
21:27 Fletching
24:05 Forging
27:43 Castle Age
28:53 Heavy Plow
28:42 Double-Bit Axe
29:33 Chain Mail Armor
29:43 Bow Saw
30:17 Bodkin Arrow
31:03 Wheelbarrow
32:04 Hand Cart
31:19 Long Swordsman
32:37 Fortified Wall
33:33 Iron Casting
34:25 Murder Holes
34:40 Scale Barding Armor
38:44 Imperial Age
36:14 Gold Mining
36:52 Husbandry
37:33 Chain Barding Armor
37:35 Ballistics
39:49 Gold Shaft Mining
39:18 Caravan
40:20 Crop Rotation
40:53 Chemistry
40:17 Block Printing
39:28 Cavalier
39:34 Legionary
42:11 Conscription
42:45 Plate Barding Armor
42:33 Ballistas
42:54 Squires
42:32 Heavy Scorpion
43:40 Pikeman
44:36 Halberdier
48:02 Blast Furnace
47:14 Masonry
49:04 Architecture
51:07 Bloodlines
50:59 Light Cavalry
52:42 Siege Engineers
53:34 Stone Mining
Connection lost

Rejoining the realm…

Still unreachable

The connection could not be restored.

Session expired

The server has moved on; the page needs a fresh start.